 Dungeon Crawl Stone Soup version 0.31-a0-851-g7ff8af7976 (webtiles) character file.

Game seed: 9575194842868203493

59024 Kurtz the Severer (level 14, -1/133 HPs)
             Began as a Naga Delver on Oct 7, 2023.
             Was the Champion of Zin.
             Slain by an orc knight
             ... wielding a +2 vampiric battleaxe
              (31 damage)
             ... on level 1 of the Orcish Mines.
             The game lasted 01:00:12 (29045 turns).

Kurtz the Severer (Naga Delver)                    Turns: 29045, Time: 01:00:13

Health: -1/133     AC: 25    Str: 16      XL:     14   Next: 93%
Magic:  27/27      EV:  8    Int: 22 (23) God:    Zin [******]
Gold:   1677       SH: 12    Dex: 14 (15) Spells: 13/13 levels left

rFire   + . .        P - +0 broad axe
rCold   + + .        z - +0 buckler
rNeg    . . .        J - +7 Kryia's mail coat {PotionHeal*2 rC+}
rPois   +            k - +3 hat of Pondering {ponderous, Will+ MP+10 Int+5}
rElec   .            I - scarf {rC+ rF+}
rCorr   .            E - +0 pair of gloves
SInv    +            K - +0 barding
Will    ++...        u - amulet of reflection
Stlth   +++          i - ring "Tiup" {+Blink Int+6 SInv Stlth+}
HPRegen 0.42/turn    L - +4 ring of slaying
MPRegen 0.20/turn

%: reflection
@: studying Shields, very slow
A: AC +4, large, see invisible, deformed body, poison resistance, slowness 2,
spit poison 1, naga tail 2, deterioration 1
a: Spit Poison, Renounce Religion, Evoke Blink, Recite, Vitalisation, Imprison,
Sanctuary, Donate Gold


You were on level 1 of the Orcish Mines.
You worshipped Zin.
Zin was exalted by your worship.
You visited 4 branches of the dungeon, and saw 20 of its levels.
You also visited: Gauntlet.

You collected 2108 gold pieces.
You spent 227 gold pieces at shops.
You donated 204 gold pieces to Zin.

Inventory:

Hand Weapons
 P - a +0 broad axe (weapon)
 U - a +2 whip of venom
 X - a +2 heavy flail
Missiles
 n - 25 poisoned darts
 y - 13 boomerangs
Armour
 k - the +3 hat of Pondering (worn) {ponderous, Will+ MP+10 Int+5}
   (You took it off Gastronok on level 8 of the Dungeon)

   Int+5:     It affects your intelligence (+5).
   Will+:     It increases your willpower.
   MP+10:     It affects your magic capacity (+10).
 q - a +0 helmet
 z - a +0 buckler (worn)
 E - a +0 pair of gloves (worn)
 F - a +1 chain mail of willpower
 G - a +0 chain mail of fire resistance
 I - a scarf of resistance (worn)
 J - the +7 Kryia's mail coat (worn) {PotionHeal*2 rC+}
   (You found it in a Gauntlet)

   PotionHeal*2: Potions heal its wearer twice as much.
   rC+:       It protects you from cold.
 K - a +0 barding (worn)
 N - a +0 plate armour
 O - a scarf of shadows
Jewellery
 b - a ring of flight
 i - the ring "Tiup" (left hand) {+Blink Int+6 SInv Stlth+}
   (You found it on level 5 of the Dungeon)

   [ring of intelligence]

   Int+6:     It affects your intelligence (+6).
   SInv:      It lets you see invisible.
   +Blink:    It lets you blink.
   Stlth+:    It makes you more stealthy.
 t - a ring of protection from fire
 u - an amulet of reflection (around neck)
 w - a ring of resist corrosion
 A - a ring of protection from cold
 C - a ring of willpower
 L - a +4 ring of slaying (right hand)
 T - a ring of ice
Wands
 g - a wand of digging (6)
 p - a wand of roots (23)
 V - a wand of flame (11)
Scrolls
 c - 3 scrolls of fog
 d - 5 scrolls of revelation
 e - a scroll of fear
 h - a scroll of poison
 l - 4 scrolls of immolation
 m - 6 scrolls of teleportation
 s - 2 scrolls of amnesia
 D - 2 scrolls of vulnerability
 H - a scroll of enchant armour
 Q - a scroll of silence
 R - a scroll of butterflies
 S - 3 scrolls of noise
 Z - a scroll of blinking
Potions
 f - a potion of ambrosia {unknown}
 j - 2 potions of might
 o - 3 potions of cancellation
 r - 3 potions of enlightenment
 v - 3 potions of resistance
 x - a potion of brilliance {unknown}
 B - 3 potions of curing
 M - a potion of invisibility {unknown}
 Y - 2 potions of heal wounds
Miscellaneous
 W - a lightning rod (4/4) (quivered)


   Skills:
 - Level 10.5 Fighting
 - Level 18.0 Axes
 + Level 6.4 Armour
 - Level 7.7 Dodging
 - Level 7.2 Stealth
 * Level 11.8 Shields
 + Level 4.8 Invocations


You had 13 spell levels left.
You didn't know any spells.
Your spell library contained the following spells:

 Spells                   Type           Power      Damage    Failure   Level
 Magic Dart               Conj           0%         1d3       54%         1
 Summon Small Mammal      Summ           0%         N/A       54%         1
 Call Imp                 Summ           0%         N/A       67%         2
 Ensorcelled Hibernation  Hex/Ice        0%         N/A       67%         2
 Jinxbite                 Hex            0%         N/A       67%         2
 Lesser Beckoning         Tloc           0%         N/A       67%         2
 Call Canine Familiar     Summ           0%         N/A       88%         3
 Frozen Ramparts          Ice            0%         1d1       88%         3
 Gell's Gravitas          Tloc           0%         N/A       88%         3
 Hailstorm                Conj/Ice       0%         3d3       88%         3
 Inner Flame              Hex/Fire       0%         N/A       88%         3
 Mephitic Cloud           Conj/Pois/Air  0%         N/A       88%         3
 Sigil of Binding         Hex            0%         N/A       88%         3
 Summon Guardian Golem    Hex/Summ       0%         N/A       88%         3
 Teleport Other           Tloc           0%         N/A       88%         3
 Anguish                  Hex/Necr       0%         N/A       99%         4
 Dimensional Bullseye     Hex/Tloc       0%         N/A       99%         4
 Flame Wave               Conj/Fire      0%         2d4       99%         4
 Leda's Liquefaction      Hex/Erth       0%         N/A       99%         4
 Petrify                  Tmut/Erth      0%         N/A       99%         4
 Sticky Flame             Conj/Fire      0%         2d3       99%         4
 Summon Ice Beast         Ice/Summ       0%         N/A       99%         4
 Iskenderun's Battlesphe  Conj           0%         2d6       100%        5
 Metabolic Englaciation   Hex/Ice        0%         N/A       100%        5
 Bombard                  Conj/Erth      0%         9d1       100%        6
 Simulacrum               Ice/Necr       0%         N/A       100%        6
 Spellforged Servitor     Conj/Summ      0%         N/A       100%        7


Dungeon Overview and Level Annotations

Branches:
Dungeon (12/15)            Temple (1/1) D:6            Lair (5/5) D:11
 Shoals (0/4) Lair:2       Spider (0/4) Lair:3        Slime (0/5) Lair:5
    Orc (2/2) D:10        Gauntlet (visited)
    Elf: Orc:2

Altars:
Ashenzari
Cheibriados
Dithmenos
Elyvilon
Fedhas
Gozag
Hepliaklqana
Kikubaaqudgha
Makhleb
Nemelex Xobeh
Okawaru
Qazlal
Ru
Sif Muna
Trog
Uskayaw
Vehumet
Wu Jian
Xom
Yredelemnul
Zin
The Shining One
Jiyva

Shops:
D:1 ?   D:8 *

Annotations:
D:1 exclusion: door
D:5 1 exclusion
D:6 exclusion: downstairs
D:11 exclusion: 2 downstairs
D:12 exclusion: vampire mosquito, Snorg
Lair:1 exclusion: door
Lair:2 exclusion: hydra


Innate Abilities, Weirdness & Mutations

Your serpentine skin is tough. (AC +4)
You have supernaturally acute eyesight. (SInv)
Armour fits poorly on your strangely shaped body.
Your system is resistant to poisons. (rPois)
You cover ground very slowly.
You can spit poison.
You can use your snake-like lower body to constrict enemies.
Your body sometimes deteriorates upon taking damage.


Message History

You constrict the orc knight. You completely miss the orc knight.
The orc knight is heavily wounded.
You constrict the orc knight.
The orc knight hits you with a +2 vampiric battleaxe!!
Your body deteriorates!
You feel dopey.
The orc knight draws strength from your wounds!
Unknown command.
You barely miss the orc knight.
The orc knight is heavily wounded.
You constrict the orc knight, but do no damage.
The orc knight hits you with a +2 vampiric battleaxe!!
Your body deteriorates!
You feel clumsy.
The orc knight draws strength from your wounds!
You are too injured to fight recklessly!
Unknown command.
You are too injured to fight recklessly!
You are too injured to fight recklessly!
Unknown command.
You are too injured to fight recklessly!
You slash the orc knight!
The orc knight is heavily wounded.
You constrict the orc knight. You slash the orc knight!
The orc knight is severely wounded.
You constrict the orc knight.
The orc knight hits you with a +2 vampiric battleaxe!
You barely miss the orc knight.
The orc knight is severely wounded.
You constrict the orc knight.
The orc knight hits you with a +2 vampiric battleaxe!!
* * * LOW HITPOINT WARNING * * *
You hit the orc knight.
The orc knight is almost dead.
You constrict the orc knight. You completely miss the orc knight.
The orc knight is almost dead.
You constrict the orc knight.
The orc knight hits you with a +2 vampiric battleaxe!!
You die...

##...##...## ###........#.##
##.............# ###
#..............#### ##.#
##............#...######...
##.#.................#.##..#
####..........................#
##.###........))[........#....##
##....##..#....)@o.###..........#
#..............[[$.##...........#
##....##....................##.##
###..#.....................####
##.......##...............##
##........#...(..........###
#....##.................>.#
##.#.#...................##
##.....#.....รท........###


You could see an orc knight (strong).

Vanquished Creatures
  Gastronok (D:8)
  A minotaur (Gauntlet)
  Harold (D:10)
  Fannar (D:11)
  2 hydras (Lair:5)
  2 catoblepae (Lair:5)
  2 boulder beetles
  A centaur warrior (D:12)
  9 death yaks (Lair:5)
  An orc high priest (Orc:1)
  A soul eater (D:11)
  Nergalle (Lair:1)
  A skyshark (Lair:5)
  A sixfirhy (Gauntlet)
  A fire crab (Lair:5)
  A lindwurm (Lair:5)
  A deep elf pyromancer (D:9)
  3 oklob plants
  4 cyclopes
  2 manticores (Lair:5)
  An ugly thing (D:11)
  12 elephants
  Joseph (D:8)
  A merfolk siren (Lair:2)
  8 black mambas
  8 komodo dragons
  10 cane toads
  2 torpor snails (Lair:5)
  A minotaur zombie (Gauntlet)
  An unseen horror (D:11)
  5 rime drakes
  An efreet (Gauntlet)
  4 trolls
  A red devil (D:12)
  A hornet (D:9)
  A polar bear (Lair:5)
  29 blink frogs
  2 dream sheep (Lair:5)
  A jumping spider (Lair:3)
  6 slime creatures (D:11)
  2 wraiths
  7 wyverns
  18 yaks
  3 fire elementals (Gauntlet)
  5 basilisks
  A neqoxec (D:12)
  5 vampire mosquitoes (D:11)
  3 redbacks (Lair:3)
  4 steam dragons
  2 wargs (Orc:1)
  4 acid dragons
  2 hell hounds (Gauntlet)
  Duvessa (D:5)
  10 orc warriors
  12 water moccasins
  2 sky beasts
  An ice beast (D:6)
  2 ogres
  A black bear (Lair:4)
  11 wolves
  7 centaurs
  2 phantoms (D:5)
  2 kobold brigands
  3 gnoll sergeants
  17 bullfrogs
  4 scorpions
  6 wights
  Dowan (D:5)
  12 killer bees (D:9)
  A quasit (D:11)
  2 jellies (D:5)
  8 orc priests
  2 hounds (D:6)
  A gnoll bouda (Orc:1)
  5 iguanas
  Jessica (D:2)
  10 orc wizards
  A mummy (D:6)
  Robin (D:2)
  14 gnolls
  8 adders
  A shadow imp (D:7)
  4 ufetubi
  2 worms
  A dart slug (D:5)
  44 orcs
  8 ball pythons
  6 endoplasms
  2 giant cockroaches
  13 goblins
  6 hobgoblins
  10 jackals
  3 quokkas
  5 bats
  3 frilled lizards
  11 kobolds
  A kobold zombie (D:6)
  3 orc zombies (D:6)
  2 rats
462 creatures vanquished.

Vanquished Creatures (others)
  A neqoxec (D:12)
1 creature vanquished.

Grand Total: 463 creatures vanquished

Notes
Turn   | Place    | Note
-------+----------+-------------------------------------------
     0 | D:5      | Kurtz the Naga Delver began the quest for the Orb.
     0 | D:5      | Reached XP level 1. HP: 21/21 MP: 1/1
    57 | D:5      | Identified the ring "Tiup" {+Blink Int+6 SInv Stlth+}
    83 | D:5      | Reached XP level 2. HP: 4/28 MP: 2/2
    84 | D:5      | HP: 1/28 [poisoned by an adder]
   388 | D:4      | Reached skill level 3 in Axes
   448 | D:2      | Noticed Jessica
   695 | D:1      | Reached XP level 3. HP: 23/34 MP: 3/3
   744 | D:1      | Found Ufaraohu's Magic Scroll Shoppe.
   754 | D:1      | Bought a scroll of identify for 26 gold pieces
   754 | D:1      | Bought a scroll of teleportation for 39 gold pieces
  1475 | D:2      | Killed Jessica
  1476 | D:2      | Reached skill level 4 in Axes
  1476 | D:2      | Reached XP level 4. HP: 31/42 MP: 4/4
  1735 | D:2      | Noticed Robin
  1744 | D:2      | Killed Robin
  1752 | D:2      | Reached skill level 5 in Axes
  1956 | D:2      | Reached XP level 5. HP: 49/49 MP: 5/5
  2037 | D:2      | Identified the +5 long sword "Jemn" {freeze, rElec rPois
                  | Dex+4 SInv}
  2054 | D:2      | Found a faded altar of an unknown god.
  2971 | D:3      | Found a burning altar of Makhleb.
  3361 | D:3      | Reached skill level 6 in Axes
  3364 | D:3      | Reached XP level 6. HP: 23/56 MP: 6/6
  3542 | D:4      | Found a shimmering blue altar of Sif Muna.
  4170 | D:5      | Noticed Dowan
  4170 | D:5      | Noticed Duvessa
  4260 | D:5      | Reached skill level 7 in Axes
  4580 | D:5      | Reached XP level 7. HP: 16/62 MP: 7/7
  5158 | D:5      | Reached skill level 8 in Axes
  5627 | D:6      | Reached skill level 9 in Axes
  5968 | D:6      | Reached XP level 8. HP: 69/69 MP: 8/8
  6004 | D:6      | Found a staircase to the Ecumenical Temple.
  6025 | Temple   | Entered the Ecumenical Temple
  6043 | Temple   | Became a worshipper of Zin the Law-Giver
  6043 | Temple   | Reached * piety under Zin
  6294 | D:6      | Reached ** piety under Zin
  6939 | D:5      | Killed Duvessa
  6940 | D:5      | Reached skill level 1 in Armour
  7081 | D:5      | Killed Dowan
  7082 | D:5      | Reached skill level 1 in Shields
  7410 | D:7      | Reached XP level 9. HP: 71/76 MP: 9/9
  8165 | D:7      | Noticed a cyclops
  8171 | D:7      | Killed a cyclops
  8172 | D:7      | Reached skill level 5 in Armour
  8293 | D:8      | Noticed Joseph
  8314 | D:8      | Killed Joseph
  8315 | D:8      | Reached skill level 10 in Axes
  8324 | D:8      | Noticed Gastronok
  8414 | D:8      | Killed Gastronok
  8415 | D:8      | Reached skill level 11 in Axes
  8415 | D:8      | Reached XP level 10. HP: 38/85 MP: 10/10
  8707 | D:8      | Found a broken altar of Ashenzari.
  8707 | D:8      | Found a white marble altar of Elyvilon.
  8812 | D:8      | Found an opulent altar of Gozag.
  8827 | D:8      | Found Gozag's Platinum Reserve.
  9758 | D:9      | Reached skill level 12 in Axes
 10614 | D:9      | Noticed a deep elf pyromancer
 10627 | D:9      | Killed a deep elf pyromancer
 10628 | D:9      | Reached skill level 13 in Axes
 10628 | D:9      | Reached XP level 11. HP: 82/92 MP: 11/11
 10681 | D:9      | Identified 2 scrolls of acquirement
 10683 | D:9      | Acquired 464 gold pieces
 10684 | D:9      | Reached *** piety under Zin
 10684 | D:9      | Reached **** piety under Zin
 10976 | D:10     | Entered Level 10 of the Dungeon
 11036 | D:10     | Reached skill level 1 in Invocations
 11115 | D:10     | Acquired a manual of Shields
 11319 | D:10     | Noticed Harold
 11489 | D:10     | Found a radiant altar of Vehumet.
 11605 | D:10     | Found an iron altar of Okawaru.
 11770 | D:10     | Found a staircase to the Orcish Mines.
 12652 | D:9      | Reached skill level 5 in Shields
 12950 | D:10     | Killed Harold
 13309 | D:11     | Noticed a cyclops
 13334 | D:11     | Killed a cyclops
 13654 | D:11     | Noticed Fannar
 13686 | D:11     | Noticed a cyclops
 13687 | D:11     | Killed Fannar
 13688 | D:11     | Reached skill level 5 in Fighting
 13688 | D:11     | Reached skill level 14 in Axes
 13700 | D:11     | Killed a cyclops
 13849 | D:11     | Found a staircase to the Lair.
 13970 | D:11     | Found a sacrificial altar of Ru.
 14216 | D:12     | Noticed Snorg
 14751 | D:12     | Noticed a soul eater
 14756 | D:12     | Noticed a green ugly thing
 14757 | D:12     | Noticed a centaur warrior
 14942 | D:11     | Killed a soul eater
 15181 | D:11     | Reached XP level 12. HP: 87/97 MP: 14/14
 15505 | Lair:1   | Entered Level 1 of the Lair of Beasts
 15569 | Lair:1   | Reached skill level 5 in Dodging
 15796 | D:1      | Bought a scroll of teleportation for 39 gold pieces
 15796 | D:1      | Bought a scroll of revelation for 97 gold pieces
 15796 | D:1      | Bought a scroll of identify for 26 gold pieces
 16414 | Lair:1   | Reached skill level 15 in Axes
 16807 | Lair:1   | Identified the +1 robe of Duty {rC+ rN+ Int+3}
 16979 | Lair:1   | Noticed Nergalle
 16990 | Lair:1   | Killed Nergalle
 17147 | Lair:1   | Reached ***** piety under Zin
 18156 | Lair:1   | Noticed a seven-headed hydra
 18799 | D:12     | Killed a centaur warrior
 19274 | D:12     | Noticed a soul eater
 19868 | D:12     | Gained mutation: Your body sometimes deteriorates upon
                  | taking damage. [a neqoxec]
 19991 | D:12     | Noticed a soul eater
 20153 | Lair:2   | Gained mutation: You can use your snake-like lower body to
                  | constrict enemies. [Naga growth]
 20153 | Lair:2   | Reached XP level 13. HP: 103/114 MP: 16/16
 21054 | Lair:2   | Found a staircase to the Shoals.
 21366 | Lair:3   | Reached skill level 16 in Axes
 21694 | Lair:3   | Found a hole to the Spider Nest.
 23429 | Lair:5   | Entered Level 5 of the Lair of Beasts
 23474 | Lair:5   | Found a gate leading to a gauntlet.
 23491 | Gauntlet | Entered a Gauntlet
 23491 | Gauntlet | Found a transporter.
 23602 | Gauntlet | Found a transporter.
 23602 | Gauntlet | Found a transporter.
 23613 | Gauntlet | Found a transporter.
 23616 | Gauntlet | Found a transporter.
 23630 | Gauntlet | Found a transporter.
 23640 | Gauntlet | Found a runed translucent gate.
 23641 | Gauntlet | Found a transporter.
 23641 | Gauntlet | Found a runed translucent gate.
 23642 | Gauntlet | Found a runed translucent gate.
 23644 | Gauntlet | Found the +7 Kryia's mail coat {PotionHeal*2 rC+}
 23652 | Gauntlet | Found a transporter.
 23664 | Gauntlet | Found a transporter.
 23669 | Gauntlet | Found a transporter.
 23669 | Gauntlet | Found a transporter.
 23696 | Gauntlet | Found a transporter.
 23696 | Gauntlet | Found a transporter.
 23749 | Gauntlet | Found a transporter.
 23991 | Gauntlet | Reached XP level 14. HP: 114/129 MP: 17/17
 24075 | Gauntlet | Identified the ring "Begg" {MP+9 Str+5}
 24165 | Gauntlet | Reached skill level 10 in Shields
 24835 | Lair:5   | Reached skill level 17 in Axes
 24989 | Lair:5   | Found an ancient bone altar of Kikubaaqudgha.
 26240 | Lair:5   | Found a viscous altar of Jiyva.
 26241 | Lair:5   | Found a staircase to the Slime Pits.
 26686 | Lair:5   | Reached skill level 10 in Fighting
 27974 | Lair:5   | Reached ****** piety under Zin
 28237 | Lair:5   | Reached skill level 18 in Axes
 28466 | Orc:1    | Entered Level 1 of the Orcish Mines
 28756 | Orc:2    | Entered Level 2 of the Orcish Mines
 29045 | Orc:1    | Slain by an orc knight

Illustrated notes

Levels and vault maps discovered:
D:1:      dpeg_arrival_morbid_curiosity, layout_basic, serial_shops, shop,
          item_on_display_a
D:2:      layout_loops_ring, hellmonk_ecumenical_altar_defaced_shrine,
          uniq_robin, uniq_jessica
D:3:      layout_loops_cross, mainiacjoe_overflow_concentric_impassable,
          kennysheep_generic_room_7
D:4:      layout_cave_pools, old_standard_altar
D:5:      minmay_diamond_boxcup, layout_basic, nicolae_sextant, uniq_duvessa
D:6:      layout_gridville, temple_hall, minmay_mini_ossuary
D:7:      layout_rooms, minmay_bent
D:8:      layout_loops_ring, nicolae_gozag_zags_fifth_avenue,
          nicolae_overflow_two_pavilions, uniq_gastronok, uniq_joseph
D:9:      layout_gridville, minmay_misc_feat_roman, dreamdust_princess_bridge,
          minmay_joined_circles
D:10:     layout_loops_corners, mainiacjoe_overflow_alcove_2,
          vehumet_altar_wand_db, orc_0_dummy, uniq_harold
D:11:     layout_cave_pools, lair_entry_dummy, nicolae_ru_sacrificial_ziggurat,
          uniq_fannar
D:12:     layout_small_grid, serial_demonic, serial_demonic_d, serial_demonic_b,
          serial_demonic_f, serial_demonic_g, serial_demonic_a,
          serial_demonic_d, uniq_snorg
Temple:   regret_index_temple_generic_petals
Lair:1:   cheibrodos_lair_river_kwai, layout_layer_cave, st_stairs_3,
          uniq_nergalle
Lair:2:   layout_cave_shapes, minmay_shoals_entry_lonely_mermaid
Lair:3:   layout_roguey, spider_nest_entry_a
Lair:4:   layout_misc_corridors, serial_bayou_shore_b, grunt_megastairs_2
Lair:5:   hangedman_lair_in_review, layout_cave_pods,
          minmay_slime_entry_oklob_open, basic_altar,
          portal_ice_cave_entry_pillars_1, gauntlet_entry_generic
Orc:1:    layout_caves
Orc:2:    st_orc_congregation, layout_caves, basic_altar,
          gammafunk_ghost_berserking_beasts

Skill      XL: |  1  2  3  4  5  6  7  8  9 10 11 12 13 14 |
---------------+-------------------------------------------+-----
Axes           | 3 4 5 6 7 9 11 13 14 15 16 18 | 18.0
Armour         | 3 5 6 |  6.4
Shields        | 2 4 7 8 9 11 | 11.8
Fighting       | 4 5 6 9 10 | 10.5
Dodging        | 3 4 6 7 |  7.7
Invocations    | 3 4 |  4.8
Stealth        | |  7.2

Action                     |  1- 3 |  4- 6 |  7- 9 | 10-12 | 13-15 || total
---------------------------+-------+-------+-------+-------+-------++-------
  Melee: Hand axe          |    83 |   253 |   303 |   110 |       ||   749
         Punch             |     2 |     1 |     3 |       |       ||     6
         War axe           |       |       |       |    47 |       ||    47
         Broad axe         |       |       |       |   606 |   688 ||  1294
         Constrict         |       |       |       |       |   117 ||   117
         Whip              |       |       |       |       |    28 ||    28
         Mace              |       |       |       |       |    11 ||    11
  Throw: Throwing net      |       |       |     1 |    11 |     1 ||    13
         Dart              |       |       |    15 |    44 |     5 ||    64
         Boomerang         |       |       |       |    12 |       ||    12
         Javelin           |       |       |       |     6 |       ||     6
 Invoke: Vitalisation      |       |       |       |     5 |     7 ||    12
         Imprison          |       |       |       |       |     1 ||     1
Ability: Spit Poison       |     3 |    22 |    28 |    23 |     1 ||    77
         Evoke Blink       |       |     3 |     7 |     7 |     5 ||    22
  Evoke: Wand              |       |       |    61 |    47 |    19 ||   127
    Use: Scroll            |       |     8 |       |    14 |    12 ||    34
         Potion            |       |       |     1 |     7 |     1 ||     9
   Stab: Sleeping          |     8 |     3 |     1 |     1 |     4 ||    17
         Held in net/web   |       |       |       |     1 |     2 ||     3
         Invisible         |       |       |       |     2 |       ||     2
         Distracted        |       |       |       |       |     1 ||     1
 Armour: Leather armour    |    50 |    87 |       |       |       ||   137
         Ring mail         |       |    26 |       |       |       ||    26
         Scale mail        |       |    96 |    42 |       |   344 ||   482
         Chain mail        |       |       |   178 |   643 |   297 ||  1118
  Dodge: Dodged            |    52 |   101 |    55 |   130 |   178 ||   516
  Block: Other             |       |    38 |    38 |       |       ||    76
         Buckler           |       |       |    44 |   369 |   392 ||   805
         Reflection        |       |       |     4 |    21 |     6 ||    31

Table legend: (Time is in decaauts)
 A = Elapsed time spent in this place.
 B = Non-inter-level travel time spent in this place.
 C = Inter-level travel time spent in this place.
 D = Time resting spent in this place.
 E = Time spent auto-exploring this place.
 F = Levels seen in this place.
 G = Mean time per level.
                   A        B        C        D        E       F      G
               +--------+--------+--------+--------+--------+-----+--------+
         Total |  34841 |  31663 |   3178 |   9687 |  15470 |  21 | 1659.1 |
       Dungeon |  21347 |  18742 |   2605 |   5866 |   8725 |  12 | 1778.9 |
        Temple |     48 |      2 |     46 |      0 |      0 |   1 |   48.0 |
          Lair |  11927 |  11423 |    504 |   3364 |   6115 |   5 | 2385.4 |
  Orcish Mines |    654 |    632 |     22 |    218 |    317 |   2 |  327.0 |
      Gauntlet |    863 |    863 |      0 |    239 |    312 |   1 |  863.0 |
               +--------+--------+--------+--------+--------+-----+--------+

Top non-repeatable levels by time:
  Lair:5: 4742 daAuts
    D:11: 3861 daAuts
  Lair:1: 2961 daAuts
     D:5: 2362 daAuts
     D:6: 2205 daAuts
     D:9: 1940 daAuts
    D:10: 1919 daAuts
     D:8: 1661 daAuts
     D:2: 1614 daAuts
  Lair:2: 1577 daAuts
  Lair:3: 1534 daAuts
     D:3: 1395 daAuts
     D:7: 1334 daAuts
     D:1: 1284 daAuts
  Lair:4: 1112 daAuts
